 Dungeon Crawl Stone Soup version 0.22-a0-246-gdc04c06 (webtiles) character file.

61 b5mith the Skirmisher (level 3, -1/33 HPs)
             Began as a Minotaur Berserker on Feb 22, 2018.
             Was a Follower of Trog.
             Slain by a worm (6 damage)
             ... on level 2 of the Dungeon.
             The game lasted 00:02:51 (1025 turns).

b5mith the Skirmisher (Minotaur Berserker)          Turns: 1025, Time: 00:02:51

Health: -1/33      AC:  4    Str: 25    XL:     3   Next: 83%
Magic:  2/2        EV: 12    Int:  4    God:    Trog [*.....]
Gold:   100        SH:  0    Dex:  9    Spells: 2/2 levels left

rFire    . . .     SeeInvis .   a - +0 mace
rCold    . . .     Gourm    .   (no shield)
rNeg     . . .     Faith    .   b - +0 animal skin
rPois    .         Spirit   .   (helmet restricted)
rElec    .         Reflect  .   (no cloak)
rCorr    .         Harm     .   j - +1 pair of gloves {Str+3}
MR       .....                  (no boots)
Stlth    +.........             (no amulet)
HPRegen  0.11/turn              (no ring)
MPRegen  0.08/turn              (no ring)

@: no status effects
A: retaliatory headbutt, horns 2
a: Berserk, Renounce Religion


You were on level 2 of the Dungeon.
You worshipped Trog.
Trog was aware of your devotion.
You were not hungry.

You visited 1 branch of the dungeon, and saw 2 of its levels.

You collected 100 gold pieces.

Inventory:

Hand Weapons
 a - a +0 mace (weapon)
Missiles
 d - 108 stones (quivered)
Armour
 b - a +0 animal skin (worn)
 j - a +1 pair of gloves of strength (worn)
Scrolls
 e - 3 scrolls of remove curse {unknown}
 h - 2 scrolls of identify {unknown}
Potions
 f - a potion of degeneration {unknown}
 g - a potion of berserk rage {unknown}
Comestibles
 c - 3 rations


   Skills:
 + Level 4.3 Fighting
 + Level 4.2 Maces & Flails
 + Level 3.3 Armour
 + Level 3.0 Dodging


You had 2 spell levels left.
You didn't know any spells.

Dungeon Overview and Level Annotations

Branches:
Dungeon (2/15)

Altars:


Innate Abilities, Weirdness & Mutations

You reflexively headbutt those who attack you in melee.
You have a pair of horns on your head.


Message History

You sock the orc!
You kill the orc!
Trog accepts your kill.
Your Dodging skill increases to level 3!
d - 108 stones (gained 2)
Items here: ! " $ )))) ? [[[[ ††† You are too injured to fight recklessly!
You are too injured to fight recklessly!
You barely miss the worm. The worm bites you.
* * * LOW HITPOINT WARNING * * *
You hit the worm.
The worm is lightly wounded.
You barely miss the worm.
The worm is lightly wounded.
The worm bites you.
* * * LOW HITPOINT WARNING * * *
You hit the worm.
The worm is lightly wounded.
The worm bites you.
You die...

#..##.(# #..##..##
####(...>..# #..........#
.... #... #....(.....# ...
.. #.... #..(.......# ..#
#.# #.....#..(......## ..#
#.# #.....#)w((.##..# ..#
#.# #.....#@######..#
..####.####.##.#.######..#
..##...........(..........
...#.#.####...........#..##
...+..........(...........
...#.#.####.#.#..####.##.#
.........#...............#
...#.#.#....#.#..####.....
...#.#.#<..##.#..# K##


You could see a worm.

Vanquished Creatures
  An orc wizard (D:2)
  A worm (D:2)
  2 dart slugs (D:1)
  4 orcs (D:2)
  A giant cockroach (D:1)
  3 hobgoblins
  3 jackals (D:1)
  A quokka (D:2)
  A ball python (D:2)
  4 frilled lizards
  3 kobolds (D:1)
  3 rats
27 creatures vanquished.

Notes
Turn   | Place    | Note
-------+----------+-------------------------------------------
     0 | D:1      | b5mith the Minotaur Berserker began the quest for the Orb.
     0 | D:1      | Reached XP level 1. HP: 19/19 MP: 0/0
   178 | D:1      | Reached XP level 2. HP: 18/27 MP: 1/1
  1006 | D:2      | Reached XP level 3. HP: 25/33 MP: 2/2
  1025 | D:2      | Slain by a worm

Vault maps used:
D:1:      saegor_arrival_simple_e
D:2:      uniq_natasha, uniq_sigmund

Skill      XL: |  1  2  3 |
---------------+----------+-----
Fighting       | 4 |  4.3
Maces & Flails | 4 |  4.2
Armour         | 3 |  3.3
Dodging        | 3 |  3.0

Action                   || total
-------------------------++-------
Melee: Mace              ||    54
       Headbutt          ||    10
Throw: Stone             ||    22
Armor: Animal skin       ||    12
Dodge: Dodged            ||    28

Table legend:
 A = Spawn XP
 B = Non-spawn XP
 C = Spawn XP percentage of total XP
 D = Spawn monster count
 E = Non-spawn monster count
 F = Spawn count percentage of total count
 G = Total turns spent on level
                    A         B        C        D         E        F      G
               +---------+---------+-------+---------+---------+-------+---------
         Total |       0 |      88 |   0.0 |       0 |      27 |   0.0 |  1025
               +---------+---------+-------+---------+---------+-------+---------
           D:1 |       0 |      28 |   0.0 |       0 |      16 |   0.0 |   656
           D:2 |       0 |      60 |   0.0 |       0 |      11 |   0.0 |   369
               +---------+---------+-------+---------+---------+-------+---------
